Comets vs Marlies
Created - January 7, 2024 at 19:33
Goals
|
Comets |
1 |
1 |
1 |
3 |
Marlies |
1 |
0 |
3 |
4 |
|
Shots
|
Comets |
12 |
7 |
12 |
31 |
Marlies |
13 |
7 |
12 |
32 |
|
1st period
1. Comets , Jean-Sebastien Dea 12 (Scott Harrington 10, Curtis Lazar 29) at 9:34
2. Marlies , Martin Necas 16 (Alex Formenton 6, Aleksi Saarela 21) at 18:32 (PP)
Penalties :
Aleksi Saarela (Tor) for Roughing (Minor) at 2:05, Jeff Corbett (Tor) for Roughing (Minor) at 6:09, Adam Ollas-Mattsson (Uti) for Hooking (Minor) at 17:14
2nd period
3. Comets , Curtis Lazar 12 (Phil Di Giuseppe 12) at 8:38
Penalties :
Colton Sissons (Tor) for Tripping (Minor) at 9:11, Lucas Carlsson (Tor) for Unsportsmanlike conduct (Minor) at 13:13, Keaton Thompson (Tor) for Spearing (Major / Game Misconduct) at 17:25
3rd period
4. Marlies , Alex Formenton 9 (Martin Necas 17, Rasmus Dahlin 8) at 14:13
5. Comets , Phil Di Giuseppe 18 (Jean-Sebastien Dea 22, Curtis Lazar 30) at 15:06 (PP)
6. Marlies , Mathieu Olivier 14 (Jeff Corbett 10, Colton Sissons 22) at 16:27 (PP)
7. Marlies , Mathieu Olivier 15 (Colton Sissons 23, Jeff Corbett 11) at 17:48
Penalties :
Colton Sissons (Tor) for Roughing (Minor) at 14:28, Adam Ollas-Mattsson (Uti) for Hooking (Minor) at 16:11
Goalie Stats
Thatcher Demko (Uti), 28 saves from 32 shots - (0.875), L, 15-9-1, 58:50 minutes
Logan Thompson (Tor), 28 saves from 31 shots - (0.903), W, 4-9-1, 60:00 minutes
Players Stats for Comets
Player Name G A P +/- PIM S H SB GA TA FO MP PP MP PK MP
------------------------------------------------------------------------------------
Adam Ollas-Mattsson 0 0 0 -1 4 2 1 0 0 0 0/0 19:54 5:54 0:00
Charles Hudon 0 0 0 0 0 0 0 1 0 0 0/0 8:01 0:03 0:00
Curtis Lazar 1 2 3 2 0 5 0 0 1 2 1/2 16:43 6:02 0:14
Daniel Zaar 0 0 0 -2 0 3 1 1 1 0 1/3 23:17 6:56 1:20
Daniil Miromanov 0 0 0 0 0 1 1 0 0 0 0/0 11:45 1:02 0:00
Guillaume Brisebois 0 0 0 0 0 1 0 0 0 1 0/0 12:15 0:14 1:18
Jean-Sebastien Dea 1 1 2 2 0 2 0 0 1 0 8/15 16:29 6:02 0:00
Juho Lammikko 0 0 0 0 0 0 0 0 1 0 0/0 12:09 0:42 0:00
Juuso Riikola 0 0 0 1 0 2 1 1 0 1 0/0 27:12 6:48 0:16
Lane Pederson 0 0 0 0 0 2 1 0 0 0 2/5 7:58 0:00 0:00
Nicolas Petan 0 0 0 -2 0 1 3 1 1 0 16/29 22:11 6:56 0:14
Phil Di Giuseppe 1 1 2 2 0 2 4 1 1 0 1/1 16:29 6:02 0:00
Ryan Lomberg 0 0 0 -2 0 3 2 2 0 0 1/3 23:07 6:46 1:20
Scott Harrington 0 1 1 1 0 1 4 1 1 0 0/0 27:49 7:25 0:16
Trevor Moore 0 0 0 0 0 1 1 0 1 0 0/0 12:02 0:35 0:00
Tyler Graovac 0 0 0 0 0 1 1 0 0 0 1/3 11:27 0:00 0:00
William Lagesson 0 0 0 -1 0 1 0 2 0 0 0/0 21:03 5:43 1:18
William Lockwood 0 0 0 0 0 3 1 0 0 1 0/0 8:33 0:35 0:00
Players Stats for Marlies
Player Name G A P +/- PIM S H SB GA TA FO MP PP MP PK MP
------------------------------------------------------------------------------------
Aleksi Saarela 0 1 1 -2 2 2 2 0 3 0 9/18 16:46 0:58 4:18
Alex Formenton 1 1 2 -1 0 3 1 0 0 1 0/0 15:21 0:58 4:03
Brendan Guhle 0 0 0 -1 0 0 2 4 0 1 0/0 30:07 0:16 7:38
Colton Sissons 0 2 2 2 4 4 0 0 0 1 14/30 21:44 0:36 5:07
Henri Ikonen 0 0 0 0 0 0 2 0 0 0 0/0 9:00 0:00 2:29
Jeff Corbett 0 2 2 -1 2 0 0 2 0 2 0/0 27:28 0:16 6:13
Joel Farabee 0 0 0 0 0 1 0 0 0 0 1/1 11:22 0:00 0:00
Keaton Thompson 0 0 0 0 15 0 0 1 1 1 0/0 7:22 0:18 1:20
Kole Sherwood 0 0 0 0 0 0 2 0 0 0 0/1 11:22 0:00 0:00
Logan Brown 0 0 0 0 0 2 1 0 0 0 2/5 11:38 0:00 0:16
Lucas Carlsson 0 0 0 1 2 2 3 0 0 2 0/0 21:16 1:00 5:19
Martin Necas 1 1 2 -1 0 2 0 0 1 0 0/0 11:18 0:58 0:00
Mathieu Olivier 2 0 2 2 0 8 2 0 0 0 2/3 20:39 0:36 3:28
Matthew Highmore 0 0 0 0 0 1 0 0 0 0 1/2 7:28 0:00 1:20
Pierre-Olivier Joseph 0 0 0 0 0 0 0 1 0 0 0/0 20:46 1:00 5:37
Rasmus Dahlin 0 1 1 0 0 5 1 1 0 0 0/0 13:18 0:18 0:59
Tobias Lindberg 0 0 0 0 0 0 1 0 0 0 0/0 6:05 0:00 0:00
Tyler Benson 0 0 0 1 0 2 1 0 0 0 1/1 23:21 0:36 6:05
3 Stars
1 - Mathieu Olivier (Tor)
2 - Phil Di Giuseppe (Uti)
3 - Curtis Lazar (Uti)
Power Play
Comets - 1 on 6 Attempt(s) - 16.67%
Marlies - 2 on 2 Attempt(s) - 100.00%
Penalty Kill
Comets - 0 on 2 Attempt(s) - 0.00%
- Score 0 goal in Penalty Kill
Marlies - 5 on 6 Attempt(s) - 83.33%
- Score 0 goal in Penalty Kill
Team Stat
Comets - Hits : 21 - Faceoff Wins : 31 - Blocked Shots : 10 - Penalty Minutes : 4
Marlies - Hits : 18 - Faceoff Wins : 30 - Blocked Shots : 9 - Penalty Minutes : 25
Official
Referees : Dan O'Rourke and Peter MacDougall
Linesman : Vaughan Rody and Shandor Alphonso
Game Notes
Keaton Thompson (Tor) for Spearing (Major / Game Misconduct) at 17:25
Keaton Thompson ejected from game at 17:25 of 2nd period
15:06 of 3rd period - Comets goal is going for a video replay. After video review, Goal.
Finance
Level 1 -- Attendance: 1978 (98.90%) -- Ticket Income $138,460
Level 2 -- Attendance: 899 (89.90%) -- Ticket Income $35,960
Total Attendance: 2877 (95.90%)
Total Ticket Income: $174,420
Other Income: $8,721
Total Income: $183,141
Comets
5 vs 5 Forward
Center Left Wing Right Wing Time % Phy DF OF
1 Nicolas Petan Ryan Lomberg Daniel Zaar 40 1 2 2
2 Jean-Sebastien Dea Phil Di Giuseppe Curtis Lazar 30 1 2 2
3 Tyler Graovac Trevor Moore Juho Lammikko 20 1 2 2
4 Lane Pederson Charles Hudon William Lockwood 10 1 2 2
5 vs 5 Defense
Defense Defense Time % Phy DF OF
1 Scott Harrington Juuso Riikola 40 1 2 2
2 Adam Ollas-Mattsson William Lagesson 30 1 2 2
3 Daniil Miromanov Guillaume Brisebois 20 1 2 2
4 Scott Harrington Juuso Riikola 10 1 2 2
PowerPlay Forward
Center Left Wing Right Wing Time % Phy DF OF
1 Nicolas Petan Ryan Lomberg Daniel Zaar 60 1 2 2
2 Jean-Sebastien Dea Phil Di Giuseppe Curtis Lazar 40 1 2 2
PowerPlay Defense
Defense Defense Time % Phy DF OF
1 Scott Harrington Juuso Riikola 60 1 2 2
2 Adam Ollas-Mattsson William Lagesson 40 1 2 2
Penalty Kill 4 Players Forward
Center Wing Time % Phy DF OF
1 Daniel Zaar Ryan Lomberg 60 1 2 2
2 Nicolas Petan Curtis Lazar 40 1 2 2
Penalty Kill 4 Players Defense
Defense Defense Time % Phy DF OF
1 Scott Harrington Juuso Riikola 60 1 2 2
2 Adam Ollas-Mattsson William Lagesson 40 1 2 2
Penalty Kill - 3 Players Forward
Forward Time % Phy DF OF
1 Daniel Zaar 60 1 2 2
2 Ryan Lomberg 40 1 2 2
Penalty Kill - 3 Players Defense
Defense Defense Time % Phy DF OF
1 Scott Harrington Juuso Riikola 60 1 2 2
2 Adam Ollas-Mattsson William Lagesson 40 1 2 2
4 vs 4 Forward
Center Wing Time % Phy DF OF
1 Daniel Zaar Ryan Lomberg 60 1 2 2
2 Nicolas Petan Curtis Lazar 40 1 2 2
4 vs 4 Defense
Defense Defense Time % Phy DF OF
1 Scott Harrington Juuso Riikola 60 1 2 2
2 Adam Ollas-Mattsson William Lagesson 40 1 2 2
Last Minutes Offensive
Center Left Wing Right Wing Defense Defense
Nicolas Petan Ryan Lomberg Daniel Zaar Scott Harrington Juuso Riikola
Last Minutes Defensive
Center Left Wing Right Wing Defense Defense
Nicolas Petan Ryan Lomberg Daniel Zaar Scott Harrington Juuso Riikola
Goaltenders
Starting : Thatcher Demko
Backup : Casey DeSmith
Extra Forwards
Normal : Juho Lammikko, Trevor Moore, Charles Hudon - PP : Juho Lammikko, Trevor Moore - PK : Charles Hudon
Extra Defensemen
Normal : Daniil Miromanov, Guillaume Brisebois, Adam Ollas-Mattsson - PP : Daniil Miromanov - PK : Guillaume Brisebois, Adam Ollas-Mattsson
Penalty Shots
Daniel Zaar, Ryan Lomberg, Nicolas Petan, Curtis Lazar, Jean-Sebastien Dea
Custom OT Lines Forwards
Daniel Zaar, Ryan Lomberg, Nicolas Petan, Curtis Lazar, Jean-Sebastien Dea, Juho Lammikko, Phil Di Giuseppe, Trevor Moore, Charles Hudon, Tyler Graovac
Custom OT Lines Defensemen
Scott Harrington, Juuso Riikola, Adam Ollas-Mattsson, William Lagesson, Daniil Miromanov
Scratches
Anton Zlobin (Healthy), Jaret Anderson-Dolan (Healthy), Brandon Saigeon (Healthy), Jay O'Brien (Healthy), Mackenzie MacEachern (Healthy)
Michael Joly (Healthy), Jack Rathbone (Healthy), Michael Kesselring (Healthy), Vladislav Gavrikov (Bruised Right Shoulder Injury), Dan Renouf (Healthy)
Rasmus Asplund (Healthy), Marek Langhamer (Healthy), Michael Dipietro (Healthy)
Marlies
5 vs 5 Forward
Center Left Wing Right Wing Time % Phy DF OF
1 Colton Sissons Tyler Benson Mathieu Olivier 40 1 2 2
2 Aleksi Saarela Alex Formenton Martin Necas 30 1 2 2
3 Logan Brown Joel Farabee Kole Sherwood 20 1 2 2
4 Matthew Highmore Henri Ikonen Tobias Lindberg 10 1 2 2
5 vs 5 Defense
Defense Defense Time % Phy DF OF
1 Brendan Guhle Jeff Corbett 40 1 2 2
2 Pierre-Olivier Joseph Lucas Carlsson 30 1 2 2
3 Keaton Thompson Rasmus Dahlin 20 1 2 2
4 Brendan Guhle Jeff Corbett 10 1 2 2
PowerPlay Forward
Center Left Wing Right Wing Time % Phy DF OF
1 Colton Sissons Tyler Benson Mathieu Olivier 60 1 1 3
2 Aleksi Saarela Alex Formenton Martin Necas 40 1 1 3
PowerPlay Defense
Defense Defense Time % Phy DF OF
1 Brendan Guhle Jeff Corbett 60 1 1 3
2 Pierre-Olivier Joseph Lucas Carlsson 40 1 1 3
Penalty Kill 4 Players Forward
Center Wing Time % Phy DF OF
1 Colton Sissons Tyler Benson 60 1 2 2
2 Aleksi Saarela Alex Formenton 40 1 2 2
Penalty Kill 4 Players Defense
Defense Defense Time % Phy DF OF
1 Brendan Guhle Jeff Corbett 60 1 2 2
2 Pierre-Olivier Joseph Lucas Carlsson 40 1 2 2
Penalty Kill - 3 Players Forward
Forward Time % Phy DF OF
1 Colton Sissons 60 1 2 2
2 Aleksi Saarela 40 1 2 2
Penalty Kill - 3 Players Defense
Defense Defense Time % Phy DF OF
1 Brendan Guhle Jeff Corbett 60 1 2 2
2 Pierre-Olivier Joseph Lucas Carlsson 40 1 2 2
4 vs 4 Forward
Center Wing Time % Phy DF OF
1 Colton Sissons Tyler Benson 60 1 2 2
2 Aleksi Saarela Alex Formenton 40 1 2 2
4 vs 4 Defense
Defense Defense Time % Phy DF OF
1 Brendan Guhle Jeff Corbett 60 1 2 2
2 Pierre-Olivier Joseph Lucas Carlsson 40 1 2 2
Last Minutes Offensive
Center Left Wing Right Wing Defense Defense
Colton Sissons Tyler Benson Mathieu Olivier Brendan Guhle Jeff Corbett
Last Minutes Defensive
Center Left Wing Right Wing Defense Defense
Colton Sissons Tyler Benson Mathieu Olivier Brendan Guhle Jeff Corbett
Goaltenders
Starting : Logan Thompson
Backup : Maxime Lagace
Extra Forwards
Normal : Mathieu Olivier, Martin Necas, Kole Sherwood - PP : Mathieu Olivier, Martin Necas - PK : Mathieu Olivier
Extra Defensemen
Normal : Lucas Carlsson, Keaton Thompson, Rasmus Dahlin - PP : Lucas Carlsson - PK : Lucas Carlsson, Keaton Thompson
Penalty Shots
Colton Sissons, Aleksi Saarela, Tyler Benson, Logan Brown, Mathieu Olivier
Custom OT Lines Forwards
Colton Sissons, Aleksi Saarela, Tyler Benson, Logan Brown, Mathieu Olivier, Martin Necas, Kole Sherwood, Alex Formenton, Matthew Highmore, Joel Farabee
Custom OT Lines Defensemen
Brendan Guhle, Jeff Corbett, Pierre-Olivier Joseph, Lucas Carlsson, Keaton Thompson
Scratches
Isac Lundestrom (Healthy), Brycen Martin (Healthy), Marc McLaughlin (Healthy), Jonathan Gruden (Healthy), Dennis Gilbert (Healthy)
Jaden Lindo (Healthy), Jakob Forsbacka-Karlsson (Healthy), Dmitri Samorukov (Healthy), Jacob Bernard-Docker (Healthy), Radovan Bondra (Healthy)
Xavier Bernard (Healthy), Mike Hardman (Healthy), Otto Koivula (Healthy), Jonathan Davidsson (Healthy), Hugh McGing (Healthy)
Jan Jenik (Healthy), Veini Vehvilainen (Healthy), Matthew Thiessen (Healthy)
% Time on Ice - Comets
Lines # - Real PCT - Wanted PCT - Time Play
Normal Forward
1 - 32% - 40% - 13:46
2 - 24% - 30% - 10:27
3 - 26% - 20% - 11:27
4 - 18% - 10% - 7:58
Normal Defense
1 - 41% - 40% - 17:52
2 - 32% - 30% - 14:02
3 - 24% - 20% - 10:36
4 - 3% - 10% - 1:08
PP Forward
1 - 55% - 60% - 7:31
2 - 45% - 40% - 6:02
PP Defense
1 - 58% - 60% - 7:50
2 - 42% - 40% - 5:43
PK Forward
1 - 85% - 60% - 1:20
2 - 15% - 40% - 0:14
PK Defense
1 - 17% - 60% - 0:16
2 - 83% - 40% - 1:18
PK3 Forward
1 - 0% - 60%
2 - 0% - 40%
PK3 Defense
1 - 0% - 60%
2 - 0% - 40%
44 Forward
1 - 0% - 60%
2 - 0% - 40%
44 Defense
1 - 0% - 60%
2 - 0% - 40%
Last Minute Offensive - 1:15
Last Minute Defensive - 0:00
Total
Forward - 60:00
Defense - 60:00
|
% Time on Ice - Marlies
Lines # - Real PCT - Wanted PCT - Time Play
Normal Forward
1 - 36% - 40% - 15:55
2 - 24% - 30% - 10:20
3 - 26% - 20% - 11:22
4 - 14% - 10% - 6:04
Normal Defense
1 - 38% - 40% - 16:27
2 - 33% - 30% - 14:35
3 - 24% - 20% - 10:36
4 - 5% - 10% - 2:03
PP Forward
1 - 38% - 60% - 0:36
2 - 62% - 40% - 0:58
PP Defense
1 - 17% - 60% - 0:16
2 - 83% - 40% - 1:18
PK Forward
1 - 72% - 60% - 9:43
2 - 28% - 40% - 3:50
PK Defense
1 - 57% - 60% - 7:46
2 - 43% - 40% - 5:47
PK3 Forward
1 - 0% - 60%
2 - 0% - 40%
PK3 Defense
1 - 0% - 60%
2 - 0% - 40%
44 Forward
1 - 0% - 60%
2 - 0% - 40%
44 Defense
1 - 0% - 60%
2 - 0% - 40%
Last Minute Offensive - 0:00
Last Minute Defensive - 1:12
Total
Forward - 60:00
Defense - 60:00
|
Play-by-Play
1st period
0:01 of 1st period - Nicolas Petan wins face-off versus Colton Sissons in neutral zone.
0:12 of 1st period - Snap shot by Daniel Zaar.
0:12 of 1st period - Shot Misses the Net.
0:14 of 1st period - Slapshot by Nicolas Petan.
0:14 of 1st period - Shot Misses the Net.
0:16 of 1st period - Slapshot by Juuso Riikola.
0:16 of 1st period - Stopped by Logan Thompson with a rebound.
1:40 of 1st period - Wrist shot by Juuso Riikola.
1:40 of 1st period - Stopped by Logan Thompson with a rebound.
1:50 of 1st period - Slapshot by Rasmus Dahlin.
1:50 of 1st period - Deflect By Tyler Graovac.
1:50 of 1st period - Stopped by Thatcher Demko with a rebound.
1:52 of 1st period - Slapshot by Rasmus Dahlin.
1:52 of 1st period - Stopped by Thatcher Demko without a rebound.
1:53 of 1st period - Jean-Sebastien Dea wins face-off versus Aleksi Saarela in Comets zone.
2:05 of 1st period - Minor Penalty to Aleksi Saarela for Roughing.
2:06 of 1st period - Matthew Highmore wins face-off versus Ryan Lomberg in Marlies zone.
2:37 of 1st period - Jeff Corbett is hit by Ryan Lomberg and loses puck.
2:44 of 1st period - Slapshot by Ryan Lomberg.
2:44 of 1st period - Stopped by Logan Thompson without a rebound.
2:45 of 1st period - Jean-Sebastien Dea wins face-off versus Matthew Highmore in Marlies zone.
3:00 of 1st period - Pierre-Olivier Joseph is hit by Scott Harrington and loses puck.
3:34 of 1st period - Icing by William Lagesson.
3:35 of 1st period - Colton Sissons wins face-off versus Jean-Sebastien Dea in Comets zone.
4:05 of 1st period - Penalty to Aleksi Saarela is over, Aleksi Saarela is back on ice.
4:07 of 1st period - Icing by Jeff Corbett.
4:08 of 1st period - Nicolas Petan wins face-off versus Aleksi Saarela in Marlies zone.
4:11 of 1st period - Snap shot by Nicolas Petan.
4:11 of 1st period - Shot Misses the Net.
4:15 of 1st period - Wrist shot by Daniel Zaar.
4:15 of 1st period - Stopped by Logan Thompson without a rebound.
4:16 of 1st period - Aleksi Saarela wins face-off versus Jean-Sebastien Dea in Marlies zone.
4:43 of 1st period - Nicolas Petan is hit by Lucas Carlsson and loses puck.
5:50 of 1st period - Snap shot by Logan Brown.
5:50 of 1st period - Stopped by Thatcher Demko without a rebound.
5:51 of 1st period - Joel Farabee wins face-off versus Nicolas Petan in Comets zone.
6:06 of 1st period - Snap shot by Ryan Lomberg.
6:06 of 1st period - Deflect By Brendan Guhle.
6:06 of 1st period - Stopped by Logan Thompson without a rebound.
6:07 of 1st period - Aleksi Saarela wins face-off versus Jean-Sebastien Dea in Marlies zone.
6:09 of 1st period - Minor Penalty to Jeff Corbett for Roughing.
6:10 of 1st period - Nicolas Petan wins face-off versus Colton Sissons in Marlies zone.
6:12 of 1st period - Wrist shot by Daniel Zaar.
6:12 of 1st period - Shot Misses the Net.
6:14 of 1st period - Slapshot by Juuso Riikola.
6:14 of 1st period - Shot Blocked by Brendan Guhle.
6:16 of 1st period - Slapshot by Scott Harrington.
6:16 of 1st period - Stopped by Logan Thompson without a rebound.
6:17 of 1st period - Colton Sissons wins face-off versus Nicolas Petan in Marlies zone.
8:09 of 1st period - Penalty to Jeff Corbett is over, Jeff Corbett is back on ice.
8:30 of 1st period - Snap shot by Trevor Moore.
8:30 of 1st period - Deflect By Jeff Corbett.
8:30 of 1st period - Shot Misses the Net.
8:30 of 1st period - Puck is out of play.
8:31 of 1st period - Logan Brown wins face-off versus Lane Pederson in Marlies zone.
8:44 of 1st period - Brendan Guhle is hit by Lane Pederson and loses puck.
9:03 of 1st period - Slapshot by Nicolas Petan.
9:03 of 1st period - Deflect By Daniel Zaar.
9:03 of 1st period - Stopped by Logan Thompson without a rebound.
9:04 of 1st period - Daniel Zaar wins face-off versus Colton Sissons in Marlies zone.
9:16 of 1st period - Snap shot by Mathieu Olivier.
9:16 of 1st period - Shot Blocked by Daniel Zaar.
9:18 of 1st period - Slapshot by Tyler Benson.
9:18 of 1st period - Deflect By Colton Sissons.
9:18 of 1st period - Stopped by Thatcher Demko without a rebound.
9:19 of 1st period - Jean-Sebastien Dea wins face-off versus Aleksi Saarela in Comets zone.
9:32 of 1st period - Snap shot by Curtis Lazar.
9:32 of 1st period - Shot Misses the Net.
9:34 of 1st period - Slapshot by Scott Harrington.
9:34 of 1st period - Deflect By Jean-Sebastien Dea.
9:34 of 1st period - Goal by Jean-Sebastien Dea - Comets : 1 - Marlies : 0.
9:35 of 1st period - Aleksi Saarela wins face-off versus Nicolas Petan in neutral zone.
10:13 of 1st period - Snap shot by Mathieu Olivier.
10:13 of 1st period - Stopped by Thatcher Demko without a rebound.
10:14 of 1st period - Lane Pederson wins face-off versus Logan Brown in Comets zone.
12:07 of 1st period - Wrist shot by Nicolas Petan.
12:07 of 1st period - Stopped by Logan Thompson with a rebound.
12:16 of 1st period - Icing by Jeff Corbett.
12:17 of 1st period - Jean-Sebastien Dea wins face-off versus Aleksi Saarela in Marlies zone.
12:20 of 1st period - Slapshot by Phil Di Giuseppe.
12:20 of 1st period - Stopped by Logan Thompson without a rebound.
12:21 of 1st period - Jean-Sebastien Dea wins face-off versus Aleksi Saarela in Marlies zone.
12:26 of 1st period - Snap shot by Phil Di Giuseppe.
12:26 of 1st period - Shot Misses the Net.
13:08 of 1st period - Wrist shot by Ryan Lomberg.
13:08 of 1st period - Stopped by Logan Thompson without a rebound.
13:09 of 1st period - Tyler Graovac wins face-off versus Logan Brown in Marlies zone.
13:29 of 1st period - Juuso Riikola is hit by Logan Brown and loses puck.
14:02 of 1st period - Slapshot by Logan Brown.
14:02 of 1st period - Shot Misses the Net.
14:10 of 1st period - Brendan Guhle is hit by Scott Harrington and loses puck.
14:45 of 1st period - Slapshot by Logan Brown.
14:45 of 1st period - Shot Misses the Net.
15:30 of 1st period - Slapshot by Brendan Guhle.
15:30 of 1st period - Shot Misses the Net.
16:28 of 1st period - Slapshot by Trevor Moore.
16:28 of 1st period - Stopped by Logan Thompson with a rebound.
16:48 of 1st period - Wrist shot by Joel Farabee.
16:48 of 1st period - Deflect By Logan Brown.
16:48 of 1st period - Shot Blocked by Juuso Riikola.
16:48 of 1st period - Puck is out of play.
16:49 of 1st period - Colton Sissons wins face-off versus Nicolas Petan in Comets zone.
16:52 of 1st period - Wrist shot by Colton Sissons.
16:52 of 1st period - Stopped by Thatcher Demko without a rebound.
16:53 of 1st period - Colton Sissons wins face-off versus Nicolas Petan in Comets zone.
17:14 of 1st period - Minor Penalty to Adam Ollas-Mattsson for Hooking.
17:15 of 1st period - Colton Sissons wins face-off versus Daniel Zaar in Comets zone.
17:22 of 1st period - Slapshot by Colton Sissons.
17:22 of 1st period - Stopped by Thatcher Demko with a rebound.
17:42 of 1st period - Ryan Lomberg is hit by Aleksi Saarela and loses puck.
17:49 of 1st period - Snap shot by Aleksi Saarela.
17:49 of 1st period - Shot Blocked by Ryan Lomberg.
18:13 of 1st period - William Lagesson is hit by Alex Formenton and loses puck.
18:26 of 1st period - Snap shot by Aleksi Saarela.
18:26 of 1st period - Shot Misses the Net.
18:28 of 1st period - Snap shot by Martin Necas.
18:28 of 1st period - Shot Blocked by William Lagesson.
18:30 of 1st period - Snap shot by Alex Formenton.
18:30 of 1st period - Stopped by Thatcher Demko with a rebound.
18:32 of 1st period - Wrist shot by Martin Necas.
18:32 of 1st period - Goal by Martin Necas - Comets : 1 - Marlies : 1.
18:33 of 1st period - Curtis Lazar wins face-off versus Colton Sissons in neutral zone.
18:41 of 1st period - Snap shot by Mathieu Olivier.
18:41 of 1st period - Stopped by Thatcher Demko with a rebound.
18:43 of 1st period - Slapshot by Tyler Benson.
18:43 of 1st period - Shot Misses the Net.
18:45 of 1st period - Slapshot by Keaton Thompson.
18:45 of 1st period - Shot Misses the Net.
18:47 of 1st period - Wrist shot by Tyler Benson.
18:47 of 1st period - Stopped by Thatcher Demko without a rebound.
18:48 of 1st period - Colton Sissons wins face-off versus Jean-Sebastien Dea in Comets zone.
18:49 of 1st period - Snap shot by Pierre-Olivier Joseph.
18:49 of 1st period - Deflect By Mathieu Olivier.
18:49 of 1st period - Shot Blocked by Phil Di Giuseppe.
18:49 of 1st period - Puck is out of play.
18:50 of 1st period - Colton Sissons wins face-off versus Jean-Sebastien Dea in Comets zone.
18:57 of 1st period - Wrist shot by Colton Sissons.
18:57 of 1st period - Shot Misses the Net.
19:03 of 1st period - Wrist shot by Colton Sissons.
19:03 of 1st period - Stopped by Thatcher Demko with a rebound.
19:05 of 1st period - Wrist shot by Mathieu Olivier.
19:05 of 1st period - Stopped by Thatcher Demko with a rebound.
Goals for this period are 1 for Comets vs 1 for Marlies.
Shots for this period are 12 for Comets vs 13 for Marlies.
2nd period
0:01 of 2nd period - Nicolas Petan wins face-off versus Colton Sissons in neutral zone.
0:11 of 2nd period - Snap shot by Daniel Zaar.
0:11 of 2nd period - Shot Blocked by Keaton Thompson.
0:13 of 2nd period - Slapshot by William Lagesson.
0:13 of 2nd period - Stopped by Logan Thompson without a rebound.
0:14 of 2nd period - Nicolas Petan wins face-off versus Aleksi Saarela in Marlies zone.
0:50 of 2nd period - Slapshot by Matthew Highmore.
0:50 of 2nd period - Stopped by Thatcher Demko with a rebound.
0:54 of 2nd period - Slapshot by Rasmus Dahlin.
0:54 of 2nd period - Deflect By Henri Ikonen.
0:54 of 2nd period - Shot Misses the Net.
0:54 of 2nd period - Puck is out of play.
0:55 of 2nd period - Jean-Sebastien Dea wins face-off versus Colton Sissons in Comets zone.
1:02 of 2nd period - Wrist shot by Jean-Sebastien Dea.
1:02 of 2nd period - Shot Misses the Net.
1:22 of 2nd period - Lucas Carlsson is hit by Juuso Riikola and loses puck.
2:08 of 2nd period - Brendan Guhle is hit by Daniel Zaar and loses puck.
2:13 of 2nd period - Slapshot by Daniel Zaar.
2:13 of 2nd period - Stopped by Logan Thompson without a rebound.
2:14 of 2nd period - Aleksi Saarela wins face-off versus Jean-Sebastien Dea in Marlies zone.
2:40 of 2nd period - Mathieu Olivier is hit by Nicolas Petan and loses puck.
4:29 of 2nd period - Snap shot by Curtis Lazar.
4:29 of 2nd period - Stopped by Logan Thompson with a rebound.
5:01 of 2nd period - Martin Necas is hit by Nicolas Petan and loses puck.
5:21 of 2nd period - Tyler Benson is hit by Tyler Graovac and loses puck.
5:28 of 2nd period - Tyler Graovac is hit by Lucas Carlsson and loses puck.
5:45 of 2nd period - Slapshot by Curtis Lazar.
5:45 of 2nd period - Shot Misses the Net.
5:47 of 2nd period - Snap shot by Jean-Sebastien Dea.
5:47 of 2nd period - Stopped by Logan Thompson with a rebound.
5:49 of 2nd period - Slapshot by Juuso Riikola.
5:49 of 2nd period - Shot Blocked by Brendan Guhle.
5:51 of 2nd period - Snap shot by Juuso Riikola.
5:51 of 2nd period - Shot Blocked by Jeff Corbett.
6:25 of 2nd period - Snap shot by Martin Necas.
6:25 of 2nd period - Stopped by Thatcher Demko without a rebound.
6:26 of 2nd period - Jean-Sebastien Dea wins face-off versus Colton Sissons in Comets zone.
6:26 of 2nd period - Jean-Sebastien Dea is hit by Mathieu Olivier.
6:49 of 2nd period - Icing by Jean-Sebastien Dea.
6:50 of 2nd period - Aleksi Saarela wins face-off versus Jean-Sebastien Dea in Comets zone.
8:36 of 2nd period - Wrist shot by Curtis Lazar.
8:36 of 2nd period - Shot Blocked by Jeff Corbett.
8:38 of 2nd period - Snap shot by Curtis Lazar.
8:38 of 2nd period - Goal by Curtis Lazar - Comets : 2 - Marlies : 1.
8:39 of 2nd period - Colton Sissons wins face-off versus Nicolas Petan in neutral zone.
8:49 of 2nd period - Off-side.
8:50 of 2nd period - Nicolas Petan wins face-off versus Colton Sissons in neutral zone.
9:11 of 2nd period - Minor Penalty to Colton Sissons for Tripping.
9:12 of 2nd period - Mathieu Olivier wins face-off versus Nicolas Petan in Marlies zone.
9:24 of 2nd period - Snap shot by Mathieu Olivier.
9:24 of 2nd period - Stopped by Thatcher Demko with a rebound.
10:17 of 2nd period - Ryan Lomberg is hit by Mathieu Olivier and loses puck.
11:11 of 2nd period - Penalty to Colton Sissons is over, Colton Sissons is back on ice.
11:20 of 2nd period - Slapshot by Pierre-Olivier Joseph.
11:20 of 2nd period - Shot Misses the Net.
11:25 of 2nd period - Icing by Charles Hudon.
11:26 of 2nd period - Lane Pederson wins face-off versus Logan Brown in Comets zone.
11:40 of 2nd period - Off-side.
11:41 of 2nd period - Nicolas Petan wins face-off versus Colton Sissons in neutral zone.
12:03 of 2nd period - Icing by Mathieu Olivier.
12:04 of 2nd period - Phil Di Giuseppe wins face-off versus Colton Sissons in Marlies zone.
12:25 of 2nd period - Brendan Guhle is hit by Phil Di Giuseppe and loses puck.
12:40 of 2nd period - Snap shot by Curtis Lazar.
12:40 of 2nd period - Stopped by Logan Thompson without a rebound.
12:41 of 2nd period - Nicolas Petan wins face-off versus Aleksi Saarela in Marlies zone.
12:48 of 2nd period - Backhand shot by Aleksi Saarela.
12:48 of 2nd period - Stopped by Thatcher Demko with a rebound.
12:50 of 2nd period - Snap shot by Alex Formenton.
12:50 of 2nd period - Stopped by Thatcher Demko without a rebound.
12:51 of 2nd period - Aleksi Saarela wins face-off versus Nicolas Petan in Comets zone.
13:13 of 2nd period - Minor Penalty to Lucas Carlsson for Unsportsmanlike conduct.
13:14 of 2nd period - Nicolas Petan wins face-off versus Colton Sissons in Marlies zone.
13:18 of 2nd period - Wrist shot by Daniel Zaar.
13:18 of 2nd period - Shot Blocked by Brendan Guhle.
14:51 of 2nd period - Nicolas Petan is hit by Brendan Guhle and loses puck.
15:13 of 2nd period - Penalty to Lucas Carlsson is over, Lucas Carlsson is back on ice.
15:18 of 2nd period - Tyler Benson is hit by Scott Harrington and loses puck.
15:35 of 2nd period - Wrist shot by Lucas Carlsson.
15:35 of 2nd period - Stopped by Thatcher Demko with a rebound.
15:37 of 2nd period - Snap shot by Lucas Carlsson.
15:37 of 2nd period - Stopped by Thatcher Demko with a rebound.
15:39 of 2nd period - Snap shot by Aleksi Saarela.
15:39 of 2nd period - Shot Misses the Net.
16:52 of 2nd period - Joel Farabee is hit by Nicolas Petan and loses puck.
17:05 of 2nd period - Snap shot by Lucas Carlsson.
17:05 of 2nd period - Shot Misses the Net.
17:07 of 2nd period - Snap shot by Martin Necas.
17:07 of 2nd period - Deflect By Alex Formenton.
17:07 of 2nd period - Shot Misses the Net.
17:07 of 2nd period - Puck is out of play.
17:08 of 2nd period - Mathieu Olivier wins face-off versus Lane Pederson in Comets zone.
17:25 of 2nd period - Major / Game Misconduct Penalty to Keaton Thompson for Spearing.
17:25 of 2nd period - Keaton Thompson is ejected from game.
17:26 of 2nd period - Colton Sissons wins face-off versus Nicolas Petan in Marlies zone.
18:56 of 2nd period - William Lagesson is hit by Brendan Guhle and loses puck.
19:03 of 2nd period - Scott Harrington is hit by Henri Ikonen and loses puck.
19:37 of 2nd period - Mathieu Olivier is hit by Adam Ollas-Mattsson and loses puck.
19:44 of 2nd period - Snap shot by Juho Lammikko.
19:44 of 2nd period - Shot Misses the Net.
19:46 of 2nd period - Snap shot by William Lockwood.
19:46 of 2nd period - Stopped by Logan Thompson with a rebound.
19:48 of 2nd period - Slapshot by Guillaume Brisebois.
19:48 of 2nd period - Shot Misses the Net.
19:50 of 2nd period - Slapshot by Daniil Miromanov.
19:50 of 2nd period - Shot Misses the Net.
Goals for this period are 1 for Comets vs 0 for Marlies.
Shots for this period are 7 for Comets vs 7 for Marlies.
3rd period
0:01 of 3rd period - Nicolas Petan wins face-off versus Colton Sissons in neutral zone.
0:20 of 3rd period - Tyler Benson is hit by Ryan Lomberg and loses puck.
0:45 of 3rd period - Aleksi Saarela is hit by Scott Harrington and loses puck.
2:03 of 3rd period - Pierre-Olivier Joseph is hit by William Lockwood and loses puck.
2:25 of 3rd period - Penalty to Keaton Thompson is over, Tobias Lindberg is send on ice.
2:34 of 3rd period - Wrist shot by Logan Brown.
2:34 of 3rd period - Shot Blocked by Charles Hudon.
2:52 of 3rd period - Juuso Riikola is hit by Henri Ikonen and loses puck.
3:04 of 3rd period - Icing by Juuso Riikola.
3:05 of 3rd period - Aleksi Saarela wins face-off versus Tyler Graovac in Comets zone.
3:18 of 3rd period - Snap shot by Mathieu Olivier.
3:18 of 3rd period - Shot Misses the Net.
3:48 of 3rd period - Slapshot by Rasmus Dahlin.
3:48 of 3rd period - Stopped by Thatcher Demko with a rebound.
3:50 of 3rd period - Snap shot by Logan Brown.
3:50 of 3rd period - Stopped by Thatcher Demko with a rebound.
3:52 of 3rd period - Slapshot by Rasmus Dahlin.
3:52 of 3rd period - Stopped by Thatcher Demko with a rebound.
3:54 of 3rd period - Slapshot by Rasmus Dahlin.
3:54 of 3rd period - Stopped by Thatcher Demko with a rebound.
3:56 of 3rd period - Snap shot by Joel Farabee.
3:56 of 3rd period - Shot Misses the Net.
3:58 of 3rd period - Snap shot by Brendan Guhle.
3:58 of 3rd period - Shot Blocked by William Lagesson.
4:08 of 3rd period - Henri Ikonen is hit by Phil Di Giuseppe and loses puck.
4:26 of 3rd period - Icing by Charles Hudon.
4:27 of 3rd period - Tyler Benson wins face-off versus Lane Pederson in Comets zone.
4:28 of 3rd period - Wrist shot by Colton Sissons.
4:28 of 3rd period - Shot Misses the Net.
4:34 of 3rd period - Lucas Carlsson is hit by Daniil Miromanov and loses puck.
4:50 of 3rd period - Snap shot by Adam Ollas-Mattsson.
4:50 of 3rd period - Stopped by Logan Thompson with a rebound.
4:56 of 3rd period - Slapshot by Lane Pederson.
4:56 of 3rd period - Shot Misses the Net.
5:14 of 3rd period - Wrist shot by Lane Pederson.
5:14 of 3rd period - Stopped by Logan Thompson with a rebound.
6:02 of 3rd period - Slapshot by Tyler Benson.
6:02 of 3rd period - Stopped by Thatcher Demko without a rebound.
6:03 of 3rd period - Aleksi Saarela wins face-off versus Nicolas Petan in Comets zone.
6:18 of 3rd period - Wrist shot by Aleksi Saarela.
6:18 of 3rd period - Shot Misses the Net.
6:28 of 3rd period - Curtis Lazar is hit by Kole Sherwood and loses puck.
6:47 of 3rd period - Jean-Sebastien Dea is hit by Tobias Lindberg.
6:51 of 3rd period - Jeff Corbett is hit by Phil Di Giuseppe and loses puck.
7:02 of 3rd period - Wrist shot by Jean-Sebastien Dea.
7:02 of 3rd period - Shot Misses the Net.
7:04 of 3rd period - Slapshot by Adam Ollas-Mattsson.
7:04 of 3rd period - Shot Blocked by Pierre-Olivier Joseph.
7:06 of 3rd period - Snap shot by Adam Ollas-Mattsson.
7:06 of 3rd period - Deflect By Matthew Highmore.
7:06 of 3rd period - Stopped by Logan Thompson without a rebound.
7:07 of 3rd period - Nicolas Petan wins face-off versus Aleksi Saarela in Marlies zone.
7:34 of 3rd period - Daniil Miromanov is hit by Kole Sherwood.
7:44 of 3rd period - Wrist shot by Joel Farabee.
7:44 of 3rd period - Stopped by Thatcher Demko without a rebound.
7:45 of 3rd period - Ryan Lomberg wins face-off versus Aleksi Saarela in Comets zone.
7:45 of 3rd period - Ryan Lomberg is hit by Aleksi Saarela.
7:59 of 3rd period - Snap shot by Alex Formenton.
7:59 of 3rd period - Shot Blocked by Nicolas Petan.
8:01 of 3rd period - Wrist shot by Alex Formenton.
8:01 of 3rd period - Shot Misses the Net.
8:32 of 3rd period - Pierre-Olivier Joseph is hit by Trevor Moore and loses puck.
9:10 of 3rd period - Off-side.
9:11 of 3rd period - Aleksi Saarela wins face-off versus Nicolas Petan in neutral zone.
9:20 of 3rd period - Snap shot by Aleksi Saarela.
9:20 of 3rd period - Stopped by Thatcher Demko without a rebound.
9:21 of 3rd period - Colton Sissons wins face-off versus Nicolas Petan in Comets zone.
9:36 of 3rd period - Slapshot by Mathieu Olivier.
9:36 of 3rd period - Stopped by Thatcher Demko with a rebound.
9:54 of 3rd period - Snap shot by Curtis Lazar.
9:54 of 3rd period - Stopped by Logan Thompson without a rebound.
9:55 of 3rd period - Colton Sissons wins face-off versus Nicolas Petan in Marlies zone.
9:57 of 3rd period - Icing by Mathieu Olivier.
9:58 of 3rd period - Nicolas Petan wins face-off versus Colton Sissons in Marlies zone.
10:24 of 3rd period - Snap shot by Curtis Lazar.
10:24 of 3rd period - Shot Misses the Net.
10:26 of 3rd period - Slapshot by Daniil Miromanov.
10:26 of 3rd period - Shot Misses the Net.
10:28 of 3rd period - Snap shot by Curtis Lazar.
10:28 of 3rd period - Shot Misses the Net.
10:30 of 3rd period - Slapshot by Daniil Miromanov.
10:30 of 3rd period - Stopped by Logan Thompson with a rebound.
10:32 of 3rd period - Slapshot by Guillaume Brisebois.
10:32 of 3rd period - Stopped by Logan Thompson without a rebound.
10:33 of 3rd period - Jean-Sebastien Dea wins face-off versus Colton Sissons in Marlies zone.
10:36 of 3rd period - Wrist shot by Curtis Lazar.
10:36 of 3rd period - Stopped by Logan Thompson without a rebound.
10:37 of 3rd period - Colton Sissons wins face-off versus Curtis Lazar in Marlies zone.
11:06 of 3rd period - Snap shot by Jean-Sebastien Dea.
11:06 of 3rd period - Shot Blocked by Brendan Guhle.
11:50 of 3rd period - Slapshot by William Lockwood.
11:50 of 3rd period - Stopped by Logan Thompson with a rebound.
11:52 of 3rd period - Snap shot by William Lockwood.
11:52 of 3rd period - Stopped by Logan Thompson with a rebound.
11:54 of 3rd period - Wrist shot by Lane Pederson.
11:54 of 3rd period - Stopped by Logan Thompson with a rebound.
12:34 of 3rd period - Snap shot by Martin Necas.
12:34 of 3rd period - Shot Hit the Post.
12:57 of 3rd period - Slapshot by Tyler Graovac.
12:57 of 3rd period - Stopped by Logan Thompson with a rebound.
13:57 of 3rd period - William Lagesson is hit by Lucas Carlsson.
14:11 of 3rd period - Slapshot by Alex Formenton.
14:11 of 3rd period - Shot Blocked by Ryan Lomberg.
14:13 of 3rd period - Snap shot by Alex Formenton.
14:13 of 3rd period - Goal by Alex Formenton - Comets : 2 - Marlies : 2.
14:14 of 3rd period - Nicolas Petan wins face-off versus Colton Sissons in neutral zone.
14:28 of 3rd period - Minor Penalty to Colton Sissons for Roughing.
14:29 of 3rd period - Nicolas Petan wins face-off versus Mathieu Olivier in Marlies zone.
14:55 of 3rd period - Jeff Corbett is hit by Phil Di Giuseppe and loses puck.
15:04 of 3rd period - Wrist shot by Jean-Sebastien Dea.
15:04 of 3rd period - Shot Misses the Net.
15:06 of 3rd period - Wrist shot by Phil Di Giuseppe.
15:06 of 3rd period - Comets goal is going for a video replay.
15:06 of 3rd period - The goal is good.
15:06 of 3rd period - Goal by Phil Di Giuseppe - Comets : 3 - Marlies : 2.
15:07 of 3rd period - Nicolas Petan wins face-off versus Kole Sherwood in neutral zone.
15:20 of 3rd period - Wrist shot by Daniel Zaar.
15:20 of 3rd period - Shot Misses the Net.
15:22 of 3rd period - Snap shot by Nicolas Petan.
15:22 of 3rd period - Shot Misses the Net.
16:11 of 3rd period - Minor Penalty to Adam Ollas-Mattsson for Hooking.
16:12 of 3rd period - Colton Sissons wins face-off versus Daniel Zaar in Comets zone.
16:23 of 3rd period - Wrist shot by Mathieu Olivier.
16:23 of 3rd period - Stopped by Thatcher Demko with a rebound.
16:25 of 3rd period - Slapshot by Jeff Corbett.
16:25 of 3rd period - Shot Blocked by Scott Harrington.
16:27 of 3rd period - Snap shot by Mathieu Olivier.
16:27 of 3rd period - Goal by Mathieu Olivier - Comets : 3 - Marlies : 3.
16:28 of 3rd period - Nicolas Petan wins face-off versus Colton Sissons in neutral zone.
16:43 of 3rd period - Nicolas Petan is hit by Tyler Benson and loses puck.
17:32 of 3rd period - Backhand shot by Colton Sissons.
17:32 of 3rd period - Shot Misses the Net.
17:48 of 3rd period - Wrist shot by Mathieu Olivier.
17:48 of 3rd period - Goal by Mathieu Olivier - Comets : 3 - Marlies : 4.
17:49 of 3rd period - Logan Brown wins face-off versus Tyler Graovac in neutral zone.
18:21 of 3rd period - Curtis Lazar is hit by Rasmus Dahlin and loses puck.
18:50 of 3rd period - Comets, Thatcher Demko is pulled from the net.
19:04 of 3rd period - Wrist shot by Nicolas Petan.
19:04 of 3rd period - Deflect By Daniel Zaar.
19:04 of 3rd period - Shot Blocked by Rasmus Dahlin.
19:04 of 3rd period - Puck is out of play.
19:05 of 3rd period - Lanne MacDonald call a timeout for Comets.
19:05 of 3rd period - Colton Sissons wins face-off versus Ryan Lomberg in Marlies zone.
Goals for this period are 1 for Comets vs 3 for Marlies.
Shots for this period are 12 for Comets vs 12 for Marlies.